[Event "Titled Tuesday Blitz March 15 Late 2022"]
[White "VinceBlitzSociety"]
[Black "Torres Hernandez, Leslie Carolin"]
[BlackFideId "8400504"]
[WhiteElo "2550"]
[BlackElo "1920"]
[Result "0-1"]
[Round "03"]
[TimeControl "180+1"]
[Date "2022.03.16"]
[WhiteClock "0:00:14"]
[BlackClock "0:00:22"]

1. e4 e6 2. d4 d5 3. Nd2 c5 4. exd5 Qxd5 5. Ngf3 Nf6 6. Bc4 Qd8 7. Qe2 Nc6 8. Nb3 cxd4 9. O-O Be7 10. Rd1 O-O 11. Nbxd4 Nxd4 12. Nxd4 Qa5 13. Bd2 Qh5 14. Qxh5 Nxh5 15. Be2 Nf6 16. Bf3 e5 17. Nb5 e4 18. Be2 Bf5 19. Bf4 a6 20. Nd4 Bg6 21. c4 Rac8 22. a3 Rfd8 23. b4 Nh5 24. Be3 f5 25. Ne6 Re8 26. c5 Bf6 27. Nf4 Nxf4 28. Bxf4 Bxa1 29. Rxa1 Rcd8 30. Bd6 Bf7 31. Rd1 Be6 32. f3 Kf7 33. Kf2 Rd7 34. fxe4 fxe4 35. Ke3 Bf5 36. Bc4+ Kg6 37. Rf1 b5 38. Bd5 Red8 39. g4 Bxg4 40. Bxe4+ Kh5 41. Bg3 Re8 42. Bd6 Re6 43. h3 Bxh3 44. Rh1 Kg4 45. Rg1+ Kh5 46. Rh1 Kg4 47. Kd4 Rxe4+ 48. Kd5 Bg2 49. Rg1 Re2+ 50. Kd4 Kf3 51. Rc1 h5 52. Rc3+ Kf2 53. Rd3 h4 54. Kc3 Re3 55. Rxe3 Kxe3 56. Bh2 h3 57. a4 Bc6 58. axb5 axb5 0-1


[Site "https://www.chess.com"]

[Event "Titled Tuesday Blitz March 15 Late 2022"]
[White "Vine, Elzbieta"]
[Black "Federzoni, Enzo"]
[WhiteFideId "1119320"]
[BlackFideId "2173301"]
[WhiteElo "1845"]
[BlackElo "1956"]
[Result "0-1"]
[Round "03"]
[TimeControl "180+1"]
[Date "2022.03.16"]
[WhiteClock "0:00:01"]
[BlackClock "0:01:10"]

1. e4 c5 2. Nf3 e6 3. d4 cxd4 4. Nxd4 Nf6 5. Nc3 d6 6. Be3 a6 7. g4 e5 8. Nf5 g6 9. Ng3 Nxg4 10. Qd2 Nxe3 11. Qxe3 h5 12. f4 Bh6 13. Nce2 exf4 14. Nxf4 Qa5+ 15. c3 Qe5 16. Nge2 Bg4 17. Qg3 Bxe2 18. Nxe2 Qxe4 19. Bg2 Qe3 20. Rd1 Nc6 21. Qxd6 Qe6 22. Bxc6+ bxc6 23. Qd4 O-O 24. Qd6 Qh3 25. Qxc6 Rfe8 26. Rd2 Bxd2+ 0-1


[Site "https://www.chess.com"]

[Event "Titled Tuesday Blitz March 15 Late 2022"]
[White "Winkels, Marcel"]
[Black "Janturin, Artur"]
[WhiteFideId "1003887"]
[BlackFideId "4130022"]
[WhiteElo "1900"]
[BlackElo "2350"]
[Result "0-1"]
[Round "03"]
[TimeControl "180+1"]
[Date "2022.03.16"]
[WhiteClock "0:00:14"]
[BlackClock "0:00:22"]

1. e4 c5 2. Nf3 d6 3. d4 cxd4 4. Nxd4 Nf6 5. Nc3 g6 6. g3 Nc6 7. Bg2 Nxd4 8. Qxd4 Bg7 9. O-O O-O 10. Qd3 Rb8 11. a4 Be6 12. Be3 Qc7 13. Rfd1 Bc4 14. Qd2 Rfc8 15. Bxa7 Ra8 16. Be3 Nd7 17. Bd4 Be6 18. Bxg7 Kxg7 19. Rac1 Ne5 20. Qd4 f6 21. Nd5 Qd8 22. Nb6 Bg4 23. Rd2 Bh3 24. Nxa8 Bxg2 25. Kxg2 Rxa8 26. h3 Qd7 27. b3 g5 28. c4 h5 29. c5 g4 30. h4 Nf3 31. Qc3 Nxd2 32. Qxd2 Ra6 33. Qd4 Qe6 34. Qd5 Qxd5 35. exd5 dxc5 36. Rxc5 Rb6 37. Rc3 f5 38. Kf1 Kf6 39. Ke2 Ke5 40. Ke3 Rb4 41. Rd3 b6 42. Kd2 f4 43. Kc3 fxg3 44. Kxb4 gxf2 45. Rd1 g3 46. d6 exd6 47. a5 bxa5+ 48. Kxa5 g2 49. b4 f1=Q 50. Rxf1 gxf1=Q 51. b5 Qe1+ 52. Ka6 Qb4 53. b6 d5 54. b7 d4 55. Ka7 d3 56. b8=Q+ Qxb8+ 57. Kxb8 d2 58. Kc7 d1=Q 59. Kc6 Qg4 60. Kc5 Qxh4 61. Kb5 Qg4 62. Kc6 h4 0-1


[Site "https://www.chess.com"]

[Event "Titled Tuesday Blitz March 15 Late 2022"]
[White "Xu, Yi"]
[Black "Sarana, Alexey"]
[WhiteFideId "8605564"]
[BlackFideId "24133795"]
[WhiteElo "2471"]
[BlackElo "2666"]
[Result "0-1"]
[Round "03"]
[TimeControl "180+1"]
[Date "2022.03.15"]
[WhiteClock "0:00:02"]
[BlackClock "0:00:13"]

1. e4 c5 2. Nf3 d6 3. d4 cxd4 4. Nxd4 Nf6 5. Nc3 a6 6. Be2 e5 7. Nb3 Be7 8. O-O O-O 9. Qd3 Be6 10. Bd2 Nbd7 11. Nd5 Bxd5 12. exd5 Rc8 13. c4 b6 14. a4 a5 15. Be3 Nc5 16. Qd1 g6 17. Nc1 Nfd7 18. Na2 Bg5 19. Bxg5 Qxg5 20. Nc3 f5 21. Nb5 Rf6 22. Ra3 f4 23. f3 Qh5 24. Qe1 g5 25. Qf2 Qg6 26. Re1 h5 27. h3 Kf7 28. Bd1 Nd3 29. Bc2 Nxf2 30. Bxg6+ Kxg6 31. Kxf2 Rxc4 32. Rc3 Rb4 33. Rc6 Rxb2+ 34. Re2 Rxe2+ 35. Kxe2 e4 36. fxe4 g4 37. hxg4 hxg4 38. Rxd6 Ne5 39. Rxf6+ Kxf6 40. Nd4 Nc4 41. Nc6 b5 42. axb5 a4 43. b6 Nxb6 44. e5+ Kg7 45. d6 a3 46. Nb4 Kf7 47. Kd3 Nd5 48. Na2 f3 49. gxf3 Nf4+ 50. Ke3 g3 51. Nc1 Ke6 52. Na2 Kd7 53. Nb4 Nd5+ 54. Nxd5 a2 55. Nf6+ Ke6 56. d7 Ke7 57. d8=Q+ Kxd8 58. e6 a1=Q 59. Nd5 Qe5+ 0-1


[Site "https://www.chess.com"]

[Event "Titled Tuesday Blitz March 15 Late 2022"]
[White "Yang, Kaiqi"]
[Black "Bortnyk, Olexandr"]
[WhiteFideId "8604398"]
[BlackFideId "14120828"]
[WhiteElo "2373"]
[BlackElo "2723"]
[Result "1-0"]
[Round "03"]
[TimeControl "180+1"]
[Date "2022.03.15"]
[WhiteClock "0:00:09"]
[BlackClock "0:00:25"]

1. e4 Nf6 2. e5 Nd5 3. d4 d6 4. Nf3 dxe5 5. Nxe5 c6 6. Bc4 Nd7 7. Nf3 N7f6 8. h3 Bf5 9. c3 e6 10. O-O Bd6 11. Re1 O-O 12. Bb3 Qc7 13. Nbd2 Rad8 14. Nc4 Bf4 15. Nce5 h6 16. Bxf4 Nxf4 17. Qc1 Nd3 18. Nxd3 Bxd3 19. Ne5 Bh7 20. Re3 Nd7 21. Nxf7 Rxf7 22. Bxe6 Nf6 23. Qe1 Kf8 24. Bxf7 Qxf7 25. Qe2 Rd7 26. Re1 Bg6 27. Qf3 Qxa2 28. Qg3 Kf7 29. Qb8 Qxb2 30. Re8 Qa3 31. c4 Qd6 32. Qxd6 Bf5 33. Qe5 Kg6 34. Re7 Rd8 35. g4 Bd3 36. f4 Rf8 37. g5 Nh5 38. gxh6 gxh6 39. Re6+ Nf6 40. Kh2 Bxc4 41. Rg1+ Kh7 42. Re7+ Kh8 43. Qc7 Rg8 44. Reg7 Ne8 45. Rh7# 1-0


[Site "https://www.chess.com"]

[Event "Titled Tuesday Blitz March 15 Late 2022"]
[White "Yeshchenko, Uliana"]
[Black "Solon, Nathan"]
[WhiteFideId "14187272"]
[BlackFideId "2017229"]
[WhiteElo "1881"]
[BlackElo "2561"]
[Result "0-1"]
[Round "03"]
[TimeControl "180+1"]
[Date "2022.03.16"]
[WhiteClock "0:00:04"]
[BlackClock "0:01:02"]

1. d4 d5 2. c4 e6 3. Nc3 c5 4. cxd5 cxd4 5. Qxd4 Nc6 6. Qa4 exd5 7. g3 d4 8. Ne4 Nf6 9. Nxf6+ Qxf6 10. Bg2 Bb4+ 11. Kf1 Bd7 12. Bf4 O-O 13. Nf3 Rfe8 14. Qc2 Rac8 15. Ng5 Bf5 16. Qd1 h6 17. Nf3 d3 18. exd3 Rcd8 19. Kg1 Qxb2 20. Rb1 Qxa2 21. Ra1 Qb2 22. Rb1 Qc3 23. Nh4 Bxd3 24. Rc1 Qd4 25. Qb3 Bc5 26. Qa2 Re2 27. Nf3 Qxf2# 0-1


[Site "https://www.chess.com"]

[Event "Titled Tuesday Blitz March 15 Late 2022"]
[White "Yoo, Christopher Woojin"]
[Black "Suleymanli, Aydin"]
[WhiteFideId "30909694"]
[BlackFideId "13413937"]
[WhiteElo "2105"]
[BlackElo "2481"]
[Result "0-1"]
[Round "03"]
[TimeControl "180+1"]
[Date "2022.03.15"]
[WhiteClock "0:00:01"]
[BlackClock "0:00:03"]

1. e4 e5 2. Nf3 Nf6 3. d4 Nxe4 4. Bd3 d5 5. Nxe5 Nd7 6. O-O Nxe5 7. dxe5 Nc5 8. Be2 c6 9. f4 Qb6 10. Be3 Qxb2 11. Bd4 Qb4 12. a3 Qa4 13. Nc3 Qa5 14. f5 b6 15. e6 fxe6 16. Bh5+ Kd8 17. f6 g6 18. f7 gxh5 19. Bxh8 Ba6 20. Re1 Kd7 21. Qxh5 Be7 22. Qxh7 Rf8 23. Bd4 Nb7 24. Qg6 Nd8 25. h4 Bc5 26. Ne2 Bxe2 27. Qg7 Qc3 28. Qxf8 Qxd4+ 0-1


[Site "https://www.chess.com"]

[Event "Titled Tuesday Blitz March 15 Late 2022"]
[White "Zomorrodian, Eilia"]
[Black "Perez Torres, Nabi Isaias"]
[WhiteFideId "12551805"]
[BlackFideId "5120373"]
[WhiteElo "2098"]
[BlackElo "1755"]
[Result "1-0"]
[Round "03"]
[TimeControl "180+1"]
[Date "2022.03.16"]
[WhiteClock "0:00:43"]
[BlackClock "0:00:14"]

1. e4 c5 2. Nf3 d6 3. Bb5+ Bd7 4. Bxd7+ Qxd7 5. O-O Nc6 6. c3 d5 7. d4 dxe4 8. Ng5 cxd4 9. cxd4 Qxd4 10. Qb3 Qf6 11. Qxb7 Rb8 12. Qc7 e5 13. Nxf7 Bc5 14. Nc3 Nge7 15. Nxe4 Qxf7 16. Nxc5 Rd8 17. Bg5 O-O 18. Nd7 Nd5 19. Qxc6 Rxd7 20. Rad1 h6 21. Bh4 g5 22. Bg3 Re8 23. Rfe1 e4 24. Rd4 Red8 25. Rdxe4 Nf6 26. Re6 Ng4 27. h3 Rd1 28. hxg4 Rxe1+ 29. Rxe1 1-0


[Site "https://www.chess.com"]

[Event "Titled Tuesday Blitz March 15 Late 2022"]
[White "Zotova, Anastasia"]
[Black "Piliczewski, Bogusz"]
[WhiteFideId "34124907"]
[BlackFideId "1104144"]
[WhiteElo "1860"]
[BlackElo "1896"]
[Result "0-1"]
[Round "03"]
[TimeControl "180+1"]
[Date "2022.03.16"]
[WhiteClock "0:02:02"]
[BlackClock "0:02:05"]

1. d4 d5 2. Nf3 Nf6 3. Bf4 Bf5 4. e3 e6 5. Nbd2 Be7 6. Be2 Nh5 7. Bg3 Nxg3 8. hxg3 h6 9. c4 c6 10. Qb3 Qb6 11. Ne5 Bb4 12. O-O-O a5 13. g4 a4 14. c5 Qa5 0-1


[Site "https://www.chess.com"]

[Event "Titled Tuesday Blitz March 15 Late 2022"]
[White "Abdrlauf, Elham"]
[Black "Taichman, Ori"]
[WhiteFideId "1533533"]
[BlackFideId "2804069"]
[WhiteElo "2334"]
[BlackElo "2227"]
[Result "1-0"]
[Round "04"]
[TimeControl "180+1"]
[Date "2022.03.15"]
[WhiteClock "0:00:10"]
[BlackClock "0:00:17"]

1. e4 c5 2. Nf3 Nc6 3. d4 cxd4 4. Nxd4 d5 5. exd5 Qxd5 6. Be3 e6 7. c4 Bb4+ 8. Nc3 Qa5 9. Nb5 Nf6 10. a3 Bxc3+ 11. Nxc3 O-O 12. Bd3 Rd8 13. O-O e5 14. b4 Qc7 15. Qc2 Nd4 16. Bxd4 exd4 17. Ne4 Ng4 18. Ng3 Qf4 19. Bxh7+ Kh8 20. Qe4 Qh6 21. h3 Qxh7 22. Qxh7+ Kxh7 23. hxg4 Bxg4 24. f3 Be6 25. Rac1 a5 26. b5 b6 27. Ne4 Rac8 28. c5 bxc5 29. Nxc5 d3 30. Nxe6 fxe6 31. Kf2 Rb8 32. a4 Rd4 33. Ra1 Kg6 34. Ke3 e5 35. Rfd1 Rbd8 36. Ra3 d2 37. Ra2 Rd3+ 38. Ke2 R8d4 39. Rdxd2 Rxd2+ 40. Rxd2 Rxa4 41. Rb2 Rd4 42. b6 Rd8 43. b7 Rb8 44. Kd3 Kf5 45. g3 Ke6 46. Kc4 Kd6 47. Rb5 g5 48. Rxa5 Rxb7 49. Ra6+ Ke7 50. Rg6 g4 51. Rg7+ Kf6 52. Rxb7 gxf3 53. Kd3 Kf5 54. Ke3 Kg4 55. Rg7+ Kh3 56. Kxf3 Kh2 57. Rh7+ Kg1 58. g4 e4+ 59. Kxe4 Kg2 60. Kf4 Kf2 61. Rh2+ Kg1 62. Ra2 Kf1 63. Ke3 Ke1 64. Ra1# 1-0


[Site "https://www.chess.com"]

[Event "Titled Tuesday Blitz March 15 Late 2022"]
[White "Alfaro, William"]
[Black "Ezat, Mohamed"]
[WhiteFideId "6100457"]
[BlackFideId "10600906"]
[WhiteElo "2096"]
[BlackElo "2386"]
[Result "0-1"]
[Round "04"]
[TimeControl "180+1"]
[Date "2022.03.16"]
[WhiteClock "0:00:15"]
[BlackClock "0:00:47"]

1. d4 Nf6 2. c4 g6 3. Nc3 Bg7 4. e4 d6 5. Nf3 O-O 6. Be2 e5 7. O-O Nc6 8. d5 Ne7 9. Ne1 Nd7 10. Be3 f5 11. f3 f4 12. Bf2 g5 13. Nd3 Nf6 14. Rc1 Ng6 15. c5 Rf7 16. Nb5 g4 17. a4 h5 18. a5 g3 19. hxg3 fxg3 20. Bxg3 h4 21. Bh2 Nh5 22. Qe1 Bh6 23. f4 Nhxf4 24. Nxf4 Nxf4 25. Rc3 Rg7 26. Bf3 Kh7 27. cxd6 cxd6 28. Qf2 Nh3+ 29. Kh1 Nxf2+ 30. Rxf2 a6 31. Na3 Qxa5 32. Rf1 h3 33. g4 Bxg4 34. Bxg4 Rxg4 35. Rxh3 Rag8 36. Nc4 Qc5 37. b3 b5 38. Na5 Qd4 39. Rf7+ R8g7 40. Rxg7+ Rxg7 41. Rh4 Qd1+ 0-1


[Site "https://www.chess.com"]

[Event "Titled Tuesday Blitz March 15 Late 2022"]
[White "Amburgy, Ryan"]
[Black "Le Goff, Ronan"]
[WhiteFideId "30924820"]
[BlackFideId "612073"]
[WhiteElo "2066"]
[BlackElo "2276"]
[Result "0-1"]
[Round "04"]
[TimeControl "180+1"]
[Date "2022.03.16"]
[WhiteClock "0:00:06"]
[BlackClock "0:00:53"]

1. d4 Nf6 2. Nc3 d5 3. Bf4 c5 4. e3 cxd4 5. exd4 a6 6. Bd3 b5 7. Nce2 Nc6 8. c3 Bg4 9. Qd2 e6 10. h3 Bh5 11. Ng3 Bg6 12. Nf3 Rc8 13. O-O Bd6 14. Bxd6 Qxd6 15. Rfe1 O-O 16. Bxg6 hxg6 17. Qd3 b4 18. Qxa6 bxc3 19. bxc3 Ra8 20. Qd3 Na5 21. Ne5 Rfc8 22. Reb1 Qa3 23. Ne2 Ne4 24. Rc1 Rc7 25. f3 Nd6 26. Rcb1 Rac8 27. Rb4 Rxc3 28. Nxc3 Qxb4 29. Ne2 Nac4 30. Nd7 Nf5 31. Rb1 Qa3 32. Qxa3 Nxa3 33. Rb2 Ne3 34. Nc5 Nac2 35. Rb3 Nf5 36. Rd3 Ncxd4 37. Nxd4 Nxd4 38. Rxd4 Rxc5 39. Ra4 g5 40. Kf2 Kh7 41. g4 Kg6 42. Ra6 Rc2+ 43. Kg3 Re2 44. a4 f6 45. Rd6 Kf7 46. Rd7+ Kf8 47. a5 Ra2 48. Ra7 e5 49. a6 d4 50. h4 gxh4+ 51. Kxh4 Kg8 52. g5 fxg5+ 53. Kxg5 d3 54. Kg6 Kf8 55. Rf7+ Ke8 56. a7 d2 57. Kxg7 d1=Q 58. Rf8+ Ke7 59. a8=Q Rxa8 60. Rxa8 Qxf3 61. Ra7+ Ke6 62. Ra6+ Kd5 63. Ra5+ Ke4 64. Kg6 Qf5+ 65. Kh6 Qf4+ 66. Kg6 Kf3 67. Ra3+ Kg4 68. Ra5 e4 69. Ra4 e3 0-1


[Site "https://www.chess.com"]

[Event "Titled Tuesday Blitz March 15 Late 2022"]
[White "Arabidze, Meri"]
[Black "Fishbein, Mitch"]
[WhiteFideId "13604040"]
[BlackFideId "30922917"]
[WhiteElo "2335"]
[BlackElo "1939"]
[Result "1-0"]
[Round "04"]
[TimeControl "180+1"]
[Date "2022.03.16"]
[WhiteClock "0:00:39"]
[BlackClock "0:00:02"]

1. d4 Nf6 2. Nf3 g6 3. g3 Bg7 4. Bg2 O-O 5. O-O d6 6. a4 a5 7. Nc3 Nc6 8. Re1 e5 9. e4 exd4 10. Nxd4 Nxd4 11. Qxd4 Re8 12. Qd1 Bd7 13. Nb5 Bc6 14. f3 Nd7 15. Nd4 Nc5 16. c3 Bd7 17. Be3 h5 18. Qc2 h4 19. g4 Be5 20. h3 Bg3 21. Re2 Qf6 22. Qd2 Bxa4 23. Bg5 Qg7 24. Bf4 Bxf4 25. Qxf4 Bd7 26. Qg5 Ne6 27. Nxe6 Bxe6 28. Qxh4 Qe5 29. Qh6 a4 30. f4 Qg7 31. Qg5 a3 32. Rxa3 Rxa3 33. bxa3 Qxc3 34. f5 Qc5+ 35. Rf2 Bc4 36. Qh6 Qe5 37. f6 1-0


[Site "https://www.chess.com"]

[Event "Titled Tuesday Blitz March 15 Late 2022"]
[White "Araujo Filho, Luiz Antonio Coel"]
[Black "Zotova, Anastasia"]
[WhiteFideId "2130661"]
[BlackFideId "34124907"]
[WhiteElo "2197"]
[BlackElo "1860"]
[Result "1-0"]
[Round "04"]
[TimeControl "180+1"]
[Date "2022.03.16"]
[WhiteClock "0:00:08"]
[BlackClock "0:00:06"]

1. d4 d5 2. Nf3 Nf6 3. e3 e6 4. Bd3 c5 5. c3 Bd6 6. Nbd2 Nbd7 7. Qe2 b6 8. e4 dxe4 9. Nxe4 Nxe4 10. Bxe4 Rb8 11. O-O Nf6 12. Bg5 Bb7 13. Bxb7 Rxb7 14. dxc5 Bxc5 15. Rad1 Qe7 16. Qb5+ Kf8 17. Ne5 h6 18. Nd7+ Kg8 19. Nxc5 bxc5 20. Bxf6 gxf6 21. Qc6 Kh7 22. Rd3 Rb6 23. Qd7 Re8 24. b3 Rb7 25. Qc6 Rb6 26. Qe4+ f5 27. Qf4 Rg8 28. Rfd1 Qf6 29. Rd7 e5 30. Qc4 Re6 31. Qxc5 Qg5 32. g3 f4 33. Rxf7+ Kh8 34. Rdd7 Qg6 35. Rh7+ Qxh7 36. Rxh7+ Kxh7 37. Kf1 fxg3 38. hxg3 Rg7 39. Ke2 Rf7 40. f3 h5 41. Qd5 Ref6 42. Qe4+ Kh6 43. c4 Rf5 44. c5 h4 45. gxh4 Rf4 46. Qxe5 Rxf3 47. Qe6+ R3f6 48. Qe3+ Kh7 49. b4 Rc6 50. Qe4+ Rg6 51. c6 Rf6 52. b5 Re6 53. Kd3 Rxe4 54. Kxe4 Rg7 55. Kd5 Kg6 56. Kd6 Kf6 57. c7 Rg8 58. Kd7 Rg7+ 59. Kd8 Rg8+ 60. Kd7 Rg7+ 61. Kd6 Rg8 62. a4 Kf5 63. a5 Ke4 64. b6 Rg6+ 65. Kd7 Rg7+ 66. Kc6 Rg6+ 67. Kb7 1-0


[Site "https://www.chess.com"]

[Event "Titled Tuesday Blitz March 15 Late 2022"]
[White "Artemenko, Oleg"]
[Black "Rosenberg, Evan S"]
[WhiteFideId "14201798"]
[BlackFideId "2019299"]
[WhiteElo "2287"]
[BlackElo "2294"]
[Result "1-0"]
[Round "04"]
[TimeControl "180+1"]
[Date "2022.03.16"]
[WhiteClock "0:01:53"]
[BlackClock "0:00:01"]

1. d4 Nf6 2. Nc3 d5 3. Bf4 a6 4. e3 Bf5 5. f3 e6 6. g4 Bg6 7. h4 h5 8. g5 Nfd7 9. Bd3 Bxd3 10. Qxd3 c5 11. Nge2 Nc6 12. O-O-O Qa5 13. e4 Nb4 14. Qe3 Nxa2+ 15. Kb1 Nxc3+ 16. Nxc3 cxd4 17. Qxd4 Qb4 18. exd5 Qxd4 19. Rxd4 e5 20. Bxe5 Nxe5 21. Re1 f6 22. f4 Bc5 23. Rde4 O-O 24. fxe5 fxe5 25. Rxe5 Bd4 26. Re7 Rf7 27. d6 Bf2 28. Rxf7 Bxe1 29. Rxb7 Bxh4 30. Ne4 Re8 31. d7 Rd8 32. Nc5 Bxg5 33. Ne6 Rxd7 34. Rxd7 Bf6 35. Rd3 Kf7 36. Nf4 h4 37. c4 g5 38. Ng2 1-0


[Site "https://www.chess.com"]

[Event "Titled Tuesday Blitz March 15 Late 2022"]
[White "Aydin, Gulenay"]
[Black "Najer, Evgeniy"]
[WhiteFideId "34557431"]
[BlackFideId "4118987"]
[WhiteElo "1429"]
[BlackElo "2562"]
[Result "0-1"]
[Round "04"]
[TimeControl "180+1"]
[Date "2022.03.16"]
[WhiteClock "0:00:01"]
[BlackClock "0:00:45"]

1. e4 c5 2. Nf3 e6 3. d4 cxd4 4. Nxd4 Nc6 5. Nc3 Qc7 6. g3 a6 7. Bg2 d6 8. O-O Bd7 9. Be3 Nf6 10. Qe2 Be7 11. Rad1 O-O 12. a3 Rac8 13. Nb3 Ne5 14. h3 Nc4 15. Bc1 Nxa3 16. f4 Nb5 17. Rfe1 Nxc3 18. bxc3 Bb5 19. Qf2 Qxc3 20. e5 dxe5 21. fxe5 Nd5 22. Nd4 Bc5 23. Bxd5 exd5 24. Be3 Bd7 25. Kg2 Bxd4 26. Bxd4 Qxc2 27. Rd2 Qf5 28. Qxf5 Bxf5 29. Rb2 b5 30. Ra1 Rc6 31. Rba2 Bc8 32. Rd2 h6 33. Be3 Bb7 34. Kf2 Rc4 35. Bd4 Rfc8 36. Ke3 Rc2 37. Rd3 Rg2 38. Kf3 Rcc2 39. Rf1 Rgd2 40. Ke3 Re2+ 41. Kf3 Bc8 42. h4 h5 43. Rfd1 Bg4+ 44. Kf4 Re4+ 45. Kg5 Bxd1 46. Rxd1 Rg4+ 47. Kxh5 Rxg3 48. e6 Kh7 49. exf7 g6# 0-1


[Site "https://www.chess.com"]

[Event "Titled Tuesday Blitz March 15 Late 2022"]
[White "Babazada, Khazar"]
[Black "Bok, Benjamin"]
[WhiteFideId "13413554"]
[BlackFideId "1017063"]
[WhiteElo "2831"]
[BlackElo "2939"]
[Result "0-1"]
[Round "04"]
[TimeControl "180+1"]
[Date "2022.03.15"]
[WhiteClock "0:00:01"]
[BlackClock "0:00:16"]

1. Nf3 d5 2. g3 c6 3. Bg2 Bg4 4. O-O Nd7 5. d3 Ngf6 6. b3 e5 7. Bb2 Bd6 8. Nbd2 h6 9. h3 Be6 10. e4 O-O 11. Qe2 Re8 12. Nh4 a5 13. a3 Qc7 14. Nf5 Bxf5 15. exf5 Bc5 16. Kh2 Bd4 17. c3 Bb6 18. Rae1 Nc5 19. c4 Ncd7 20. Qd1 Qd6 21. Qa1 Re7 22. Re2 Rae8 23. Rfe1 Bc7 24. Kh1 Bb8 25. Nf1 Nc5 26. cxd5 Nxd3 27. Rd1 Nxb2 28. Qxb2 cxd5 29. Ne3 e4 30. Red2 Qb6 31. Rxd5 Bxg3 32. a4 Nxd5 33. Nxd5 Qxf2 34. Nxe7+ Rxe7 35. Qa3 Rd7 36. Rf1 Qe2 37. f6 Rd2 38. Rg1 Bf2 0-1


[Site "https://www.chess.com"]

[Event "Titled Tuesday Blitz March 15 Late 2022"]
[White "Baches Garcia, Guillermo"]
[Black "Araujo Sanchez, Josue"]
[WhiteFideId "2209764"]
[BlackFideId "6416896"]
[WhiteElo "2448"]
[BlackElo "2357"]
[Result "0-1"]
[Round "04"]
[TimeControl "180+1"]
[Date "2022.03.16"]
[WhiteClock "0:00:06"]
[BlackClock "0:01:39"]

1. e4 c6 2. c4 g6 3. Nc3 Bg7 4. d4 d6 5. f4 Nd7 6. Nf3 e5 7. fxe5 dxe5 8. d5 Ngf6 9. Bd3 O-O 10. O-O Nc5 11. Bc2 Qe7 12. d6 Qe8 13. Be3 Ne6 14. Kh1 Nd7 15. b4 c5 16. a3 b6 17. Nd5 Bb7 18. Ne7+ Kh8 19. Ng5 Nd4 20. Ba4 Rd8 21. Qe1 f6 22. Nxh7 g5 23. Nxg5 fxg5 24. Rxf8+ Bxf8 25. Bxg5 Qh5 26. Ng6+ Qxg6 27. Bxd8 Bc6 28. Qh4+ Kg8 29. Bxc6 Nxc6 30. Rf1 Bxd6 31. Bg5 Bf8 32. b5 Nd4 33. Be7 Bg7 34. h3 Nf8 35. Bxf8 Bxf8 36. Qd8 Ne6 37. Qd5 Bg7 38. Rf5 Kh7 39. Qd3 Nf4 40. Qd7 Qxg2# 0-1


[Site "https://www.chess.com"]

[Event "Titled Tuesday Blitz March 15 Late 2022"]
[White "Barp, Alberto"]
[Black "Brunner, Nicolas"]
[WhiteFideId "872555"]
[BlackFideId "620246"]
[WhiteElo "2229"]
[BlackElo "2372"]
[Result "1-0"]
[Round "04"]
[TimeControl "180+1"]
[Date "2022.03.16"]
[WhiteClock "0:00:07"]
[BlackClock "0:00:01"]

1. d4 d5 2. Nf3 Nf6 3. Bf4 e6 4. e3 c5 5. Nbd2 Nc6 6. c3 Bd6 7. Ne5 O-O 8. Bd3 Qc7 9. Nxc6 bxc6 10. Bxd6 Qxd6 11. Nf3 cxd4 12. exd4 c5 13. dxc5 Qxc5 14. O-O a5 15. Qe2 Bb7 16. Ne5 Rfd8 17. Rfd1 Rab8 18. Rac1 Ba8 19. Rc2 Qb6 20. h3 h6 21. Rcd2 Nd7 22. Nf3 Nc5 23. Bb1 a4 24. Ne5 Qc7 25. Re1 Ne4 26. Bxe4 dxe4 27. Rxd8+ Rxd8 28. Nc4 Bd5 29. Nd2 Bxa2 30. Nxe4 Bd5 31. Ng3 Rb8 32. Rd1 Qb7 33. Nh5 Qxb2 34. Qe5 f6 35. Qg3 Qb7 36. Nxf6+ Kh8 37. Nh5 a3 38. c4 Bxc4 39. Qxa3 Qb3 40. Qd6 Qb7 41. Re1 Bd5 42. Qe5 Rf8 43. Nf4 Qf7 44. g3 Qf5 45. Qxf5 Rxf5 46. Re3 Rf6 47. Nd3 Kh7 48. Ne5 Rf8 49. f4 Rb8 50. Kf2 Rb2+ 51. Re2 Rb3 52. Re3 Rb2+ 53. Re2 Rb3 54. Kg1 Rxg3+ 55. Kh2 Rb3 56. Ng4 Rb4 57. Rf2 Rb3 58. Ne5 h5 59. Kg1 h4 60. Kh2 Rb1 61. Nf3 Bxf3 62. Rxf3 Re1 63. Kg2 Kg6 64. Kf2 Rh1 65. Kg2 1-0


[Site "https://www.chess.com"]

[Event "Titled Tuesday Blitz March 15 Late 2022"]
[White "Batsiashvili, Nino"]
[Black "Jaferian, Koosha"]
[WhiteFideId "13602993"]
[BlackFideId "12507440"]
[WhiteElo "2192"]
[BlackElo "2030"]
[Result "0-1"]
[Round "04"]
[TimeControl "180+1"]
[Date "2022.03.16"]
[WhiteClock "0:00:03"]
[BlackClock "0:00:12"]

1. d4 Nf6 2. Nf3 e6 3. c4 b6 4. Nc3 Bb4 5. e3 O-O 6. Bd3 Bb7 7. O-O c5 8. Bd2 cxd4 9. exd4 d5 10. cxd5 Nxd5 11. Re1 Be7 12. Ne5 Nd7 13. Qh5 N7f6 14. Qh3 Nb4 15. Bb1 Qxd4 16. Bg5 g6 17. Bh6 Bc5 18. Re2 Rfd8 19. Bxg6 hxg6 20. Nxf7 Re8 21. Ne5 Ba6 22. Qg3 Bd3 23. Rd1 Nh5 24. Qg5 Nf4 25. Rxd3 Nbxd3 26. Re3 Nxe5 27. Rxe5 Rad8 0-1


[Site "https://www.chess.com"]

[Event "Titled Tuesday Blitz March 15 Late 2022"]
[White "Beerdsen, Thomas"]
[Black "Iskusnyh, Sergei"]
[WhiteFideId "1030108"]
[BlackFideId "4120027"]
[WhiteElo "2585"]
[BlackElo "2492"]
[Result "0-1"]
[Round "04"]
[TimeControl "180+1"]
[Date "2022.03.15"]
[WhiteClock "0:00:30"]
[BlackClock "0:00:24"]

1. e4 e6 2. d4 d5 3. Nc3 Nf6 4. Bg5 dxe4 5. Nxe4 Nbd7 6. Nf3 h6 7. Bxf6 Nxf6 8. Nxf6+ Qxf6 9. Bd3 Bd7 10. O-O O-O-O 11. Be4 Kb8 12. c4 Bc8 13. Qb3 g5 14. Ne5 Ka8 15. Nc6 Rd6 16. Na5 Rb6 17. Qe3 Qf4 18. c5 Rxb2 19. Rab1 Rxb1 20. Rxb1 Qxe3 21. fxe3 c6 22. Nxc6 f5 23. Ne5 fxe4 24. Ng6 Rg8 25. Rf1 Bxc5 26. Ne5 Bd6 27. Nf7 Bb4 28. Nxh6 Rd8 29. Nf7 Rg8 30. Nh6 Re8 31. Nf7 Bd2 32. Kf2 b6 33. Rd1 Rf8 34. Rxd2 Rxf7+ 35. Kg3 Kb7 36. Rb2 Bd7 37. a3 Rf5 38. Kg4 e5 39. Kh5 exd4 40. exd4 Rd5 41. Rd2 Bb5 42. Kg4 e3 43. Rb2 e2 44. Rb1 Rxd4+ 45. Kf3 Rd1 0-1


[Site "https://www.chess.com"]

[Event "Titled Tuesday Blitz March 15 Late 2022"]
[White "Bellissimo, Joseph F."]
[Black "Palachev, Petr"]
[WhiteFideId "2609843"]
[BlackFideId "24129003"]
[WhiteElo "2061"]
[BlackElo "2339"]
[Result "0-1"]
[Round "04"]
[TimeControl "180+1"]
[Date "2022.03.16"]
[WhiteClock "0:00:32"]
[BlackClock "0:01:31"]

1. e4 e6 2. d4 d5 3. Nd2 c5 4. Ngf3 Nc6 5. c3 cxd4 6. cxd4 dxe4 7. Nxe4 Be7 8. Bd3 Nf6 9. Ng3 O-O 10. O-O b6 11. Bg5 Bb7 12. Re1 Rc8 13. a3 h6 14. Be3 Qd5 15. Qd2 Na5 16. Bxh6 Nb3 17. Qf4 Nxd4 18. Bxg7 Nxf3+ 19. gxf3 Kxg7 20. Re5 Qxd3 21. Rg5+ Kh8 22. Nh5 Qxf3 23. Qxf3 Bxf3 24. Nxf6 Bxf6 25. Rg3 Rg8 26. Re1 Rxg3+ 27. hxg3 Bxb2 28. a4 Rc1 29. Rxc1 Bxc1 30. a5 bxa5 31. Kh2 a4 32. g4 a3 33. g5 Bf4+ 34. Kh3 a2 35. g6 a1=Q 36. g7+ Kxg7 0-1


[Site "https://www.chess.com"]

[Event "Titled Tuesday Blitz March 15 Late 2022"]
[White "Bluebaum, Matthias"]
[Black "Rosen, Eric"]
[WhiteFideId "24651516"]
[BlackFideId "2032562"]
[WhiteElo "2550"]
[BlackElo "2362"]
[Result "1-0"]
[Round "04"]
[TimeControl "180+1"]
[Date "2022.03.15"]
[WhiteClock "0:01:07"]
[BlackClock "0:00:02"]

1. b3 e5 2. Bb2 Nc6 3. e3 Nf6 4. Nf3 e4 5. Nd4 Nxd4 6. Bxd4 d5 7. c4 Be7 8. Nc3 dxc4 9. Bxc4 Bf5 10. O-O O-O 11. f3 c5 12. Be5 exf3 13. Qxf3 Bg4 14. Qg3 Bh5 15. Nd5 Bg6 16. Nxe7+ Qxe7 17. Bd6 Qd7 18. Bxf8 Rxf8 19. Rad1 Ne4 20. Qe5 Re8 21. Qb2 b5 22. Be2 h5 23. d4 c4 24. bxc4 bxc4 25. Bxc4 Nd6 26. Bb3 Rxe3 27. Rfe1 Qe7 28. Qf2 Re4 29. Bc2 Rxe1+ 30. Rxe1 Ne4 31. Bxe4 Bxe4 32. Qf4 f5 33. Qxf5 Bxf5 34. Rxe7 a6 35. d5 Kf8 36. d6 Bd3 37. a3 Bb5 38. g3 g6 39. h4 Bc6 40. Kf2 Bb5 41. Ke3 Bc4 42. Kf4 Bd3 43. Kg5 Bf5 44. Kf6 Bd3 45. d7 1-0


[Site "https://www.chess.com"]